 Dungeon Crawl Stone Soup version 0.30-b1-2-g02819fbbbe (webtiles) character file.

Game seed: 10262544559227974958

4289 MisterFreud the Nimble (level 10, -14/48 HPs)
             Began as a Felid Berserker on June 23, 2023.
             Was a Priest of Trog.
             Demolished by a death yak (27 damage)
             ... on level 2 of the Lair of Beasts.
             The game lasted 00:14:02 (9613 turns).

MisterFreud the Nimble (Felid Berserker)            Turns: 9613, Time: 00:14:03

Health: -14/48     AC:  2    Str: 13    XL:     10   Next: 11%
Magic:  11/11      EV: 28    Int: 10    God:    Trog [***...]
Gold:   627        SH:  0    Dex: 19    Spells: 9/9 levels left
                                        Lives:  0   Deaths: 2

rFire   . .          .
                       - Unarmed
rCold   . . .        (shield unavailable)
rNeg    . . .        (body armour unavailable)
rPois   .            (helmet unavailable)
rElec   .            (cloak unavailable)
rCorr   .            (gloves unavailable)
SInv    +            (boots unavailable)
Will    +++..        d - amulet of the acrobat
Stlth   +++++        (no ring)
HPRegen 1.28/turn    (no ring)
MPRegen 0.12/turn

%: acrobat
@: strong-willed, on berserk cooldown, regenerating, slowed, slow
A: very small, claws 1, fangs 3, see invisible, speed 1, shaggy fur 2, stealthy
paws, no weapons or thrown items, no armour, multi-lived
a: Renounce Religion, Berserk, Trog's Hand


You were on level 2 of the Lair of Beasts.
You worshipped Trog.
Trog was most pleased with you.
You visited 2 branches of the dungeon, and saw 11 of its levels.

You collected 627 gold pieces.

Inventory:

Jewellery
 d - an amulet of the acrobat (around neck)
Wands
 k - a wand of roots (14)
 m - a wand of flame (12)
 o - a wand of digging (7)
 u - a wand of mindburst (8)
Scrolls
 b - 2 scrolls of fog
 e - 2 scrolls of blinking
 n - a scroll of magic mapping
 p - a scroll of teleportation
 q - a scroll of fear
 t - a scroll of summoning
Potions
 a - 3 potions of flight
 c - 2 potions of mutation
 f - 2 potions of curing
 g - 3 potions of brilliance
 h - a potion of lignification
 i - 3 potions of attraction
 j - a potion of ambrosia
 l - 3 potions of magic
 r - a potion of resistance
 s - 4 potions of haste
 w - a potion of might {unknown}


   Skills:
 - Level 8.0 Fighting
 + Level 13.7 Dodging
 - Level 10.0 Stealth
 + Level 9.6 Unarmed Combat
 - Level 5.0 Evocations


You had 9 spell levels left.
You didn't know any spells.
Your spell library was empty.

Dungeon Overview and Level Annotations

Branches:
Dungeon (9/15)             Temple (0/1) D:6            Lair (2/5) D:8
 Shoals (0/4) Lair:2
  Snake: Lair:2-3    Spider: Lair:2-3       Orc: D:9-12

Altars:
Ashenzari
Cheibriados
Okawaru
Ru
Trog
Yredelemnul


Innate Abilities, Weirdness & Mutations

You have sharp claws.
You have razor-sharp teeth.
You have supernaturally acute eyesight. (SInv)
You cover ground quickly. (Speed+)
You are covered in thick fur. (AC +2)
Your paws help you pounce on unaware monsters.
You are incapable of wielding weapons or throwing items.
You cannot wear armour.
You gain extra lives every three experience levels.


Message History

The death yak is heavily wounded.
The death yak completely misses you. x2
You barely miss the death yak. You claw the death yak!
The death yak is heavily wounded.
You barely miss the death yak.
The death yak is heavily wounded.
The death yak gores you. The death yak gores you!!
* * * LOW HITPOINT WARNING * * *
You barely miss the death yak.
The death yak is heavily wounded.
The death yak completely misses you. The death yak barely misses you.
You scratch the death yak. You bite the death yak.
The death yak is heavily wounded.
You mangle the death yak!!
The death yak is almost dead.
The death yak completely misses you. x2
You scratch the death yak but do no damage.
You bite the death yak, but do no damage.
The death yak is almost dead.
You claw the death yak! You claw the death yak.
You kill the death yak!
Trog accepts your kill.
Welcome back to level 10!
You claw the death yak!
The death yak is moderately wounded.
You are no longer berserk.
You are exhausted.
You feel yourself slow down.
You claw the death yak!
You bite the death yak, but do no damage.
The death yak is moderately wounded.
The death yak completely misses you.
Aiming: Dig
Press: ? - help, Shift-Dir - straight line A rock wall.
The rock shatters into small pieces.
The death yak completely misses you. The death yak closely misses you.
The death yak barely misses you. The death yak gores you!!
Ouch! That really hurt!
You die...

....P....Y.P.#
#.......#...##
#........Y#.#.
#............
#.#.#......... ###
##..P.P.?.
#####.###.........
#YY...............
#@#.P...#####P.P#.
#.#.##.## ...##
#.###### ...# #.#
#### #.# #.# #.#
#.#


You could see 2 death yaks.

Vanquished Creatures
  3 death yaks (Lair:2)
  3 torpor snails (Lair:1)
  2 cane toads (Lair:1)
  A polar bear (Lair:1)
  A wind drake (Lair:2)
  Grinder (D:3)
  5 blink frogs (Lair:1)
  Sigmund (D:2)
  A wyvern (D:8)
  Eustachio (D:6)
  A yak (D:8)
  4 water moccasins (Lair:1)
  2 sky beasts
  4 orc warriors (D:8)
  An ice beast (D:6)
  4 black bears
  An ogre (D:7)
  3 phantoms
  A kobold brigand (D:7)
  Blork the orc (D:6)
  7 bullfrogs
  5 scorpions
  8 wights
  2 howler monkeys
  A jelly (D:4)
  3 hounds
  7 orc priests
  A gnoll bouda (D:8)
  A sleepcap (D:8)
  Jessica (D:2)
  Natasha (twice) (D:2)
  3 iguanas (D:6)
  8 orc wizards
  10 adders
  4 gnolls (D:8)
  2 ufetubi (D:4)
  A worm (D:2)
  A dart slug (D:1)
  36 orcs
  4 endoplasms
  3 giant cockroaches
  2 goblins
  9 hobgoblins
  10 kobolds
  2 quokkas
  3 ball pythons
  4 bats
  5 frilled lizards
  3 rats
189 creatures vanquished.

Vanquished Creatures (others)
  3 fungi
  6 plants
9 creatures vanquished.

Grand Total: 198 creatures vanquished

Notes
Turn   | Place    | Note
-------+----------+-------------------------------------------
     0 | D:1      | MisterFreud the Felid Berserker began the quest for the
                  | Orb.
     0 | D:1      | Reached XP level 1. HP: 10/10 MP: 2/2
   194 | D:1      | Reached skill level 1 in Stealth
   271 | D:1      | Reached XP level 2. HP: 14/14 MP: 3/3
   820 | D:2      | Noticed Jessica
   827 | D:2      | Killed Jessica
   828 | D:2      | Reached XP level 3. HP: 14/17 MP: 4/4
   954 | D:2      | Reached ** piety under Trog
  1010 | D:2      | Reached XP level 4. HP: 15/21 MP: 5/5
  1197 | D:2      | Noticed Natasha
  1204 | D:2      | Killed Natasha
  1397 | D:2      | Noticed Sigmund
  1408 | D:2      | Killed Sigmund
  1409 | D:2      | Reached skill level 5 in Unarmed Combat
  1409 | D:2      | Reached XP level 5. HP: 24/24 MP: 6/6
  1490 | D:2      | Noticed Natasha
  1501 | D:2      | Killed Natasha
  1502 | D:2      | Gained mutation: You are covered in thick fur. (AC +2)
                  | [Felid growth]
  1502 | D:2      | Reached XP level 6. HP: 27/28 MP: 7/7
  1739 | D:3      | Noticed Grinder
  1745 | D:3      | Paralysed by Grinder for 5 turns
  1754 | D:3      | Killed Grinder
  1755 | D:3      | Reached skill level 5 in Dodging
  1826 | D:3      | Reached XP level 7. HP: 16/31 MP: 8/8
  2361 | D:3      | Reached skill level 6 in Dodging
  2738 | D:4      | Reached skill level 7 in Dodging
  2937 | D:4      | Reached *** piety under Trog
  3005 | D:4      | Reached skill level 8 in Dodging
  3190 | D:5      | Entered Level 5 of the Dungeon
  4385 | D:6      | Reached skill level 9 in Dodging
  4385 | D:6      | Reached XP level 8. HP: 34/34 MP: 9/9
  4427 | D:6      | Found an iron altar of Okawaru.
  4489 | D:6      | Reached skill level 10 in Dodging
  4512 | D:6      | Noticed Blork the orc
  4523 | D:6      | Reached skill level 1 in Evocations
  4523 | D:6      | HP: 1/51 [Blork the orc/+0 scimitar (6)]
  4531 | D:6      | Killed Blork the orc
  4633 | D:6      | Found a staircase to the Ecumenical Temple.
  4862 | D:6      | Noticed Eustachio
  5050 | D:6      | Killed Eustachio
  5051 | D:6      | Reached skill level 5 in Fighting
  5306 | D:6      | Found a basalt altar of Yredelemnul.
  5721 | D:7      | Reached XP level 9. HP: 40/40 MP: 10/10
  5738 | D:7      | Reached skill level 5 in Evocations
  6122 | D:7      | HP: 2/64 [ogre/+0 giant club (18)]
  6265 | D:7      | Found a broken altar of Ashenzari.
  6646 | D:8      | Found a bloodstained altar of Trog.
  6786 | D:8      | Reached **** piety under Trog
  7222 | D:8      | Found a sacrificial altar of Ru.
  7413 | D:8      | Reached XP level 10. HP: 45/45 MP: 11/11
  7686 | D:8      | Reached skill level 11 in Dodging
  7860 | D:8      | Found a staircase to the Lair.
  7869 | D:8      | HP: 2/47 [orc warrior/+0 trident (13)]
  8290 | D:9      | HP: 1/48 [hornet (16)]
  8457 | Lair:1   | Entered Level 1 of the Lair of Beasts
  8599 | Lair:1   | Noticed a cane toad
  8610 | Lair:1   | Killed a cane toad
  8839 | Lair:1   | Noticed a torpor snail
  8854 | Lair:1   | Killed a torpor snail
  8868 | Lair:1   | Found a snail-covered altar of Cheibriados.
  8868 | Lair:1   | Noticed a torpor snail
  8893 | Lair:1   | Slain by a torpor snail
  8894 | Lair:1   | Reached XP level 9. HP: -2/44 MP: 10/10
  8920 | Lair:1   | Reached skill level 12 in Dodging
  9013 | Lair:1   | Killed a torpor snail
  9156 | Lair:1   | Reached skill level 10 in Stealth
  9208 | Lair:1   | Noticed a torpor snail
  9214 | Lair:1   | Killed a torpor snail
  9215 | Lair:1   | Reached XP level 10. HP: 48/48 MP: 11/11
  9430 | Lair:1   | Noticed a cane toad
  9437 | Lair:1   | Killed a cane toad
  9547 | Lair:2   | Found a staircase to the Shoals.
  9549 | Lair:2   | Noticed a manticore
  9562 | Lair:2   | HP: 1/48 [wind drake/the air (13)]
  9564 | Lair:2   | Reached skill level 13 in Dodging
  9566 | Lair:2   | Slain by a manticore
  9567 | Lair:2   | Reached XP level 9. HP: 0/44 MP: 10/10
  9567 | Lair:2   | Noticed a death yak
  9567 | Lair:2   | Noticed a death yak
  9567 | Lair:2   | Noticed a death yak
  9567 | Lair:2   | Noticed a death yak
  9567 | Lair:2   | Noticed a death yak
  9567 | Lair:2   | Noticed a death yak
  9567 | Lair:2   | Killed a death yak
  9599 | Lair:2   | Killed a death yak
  9610 | Lair:2   | Killed a death yak
  9611 | Lair:2   | Reached XP level 10. HP: 13/48 MP: 11/11
  9613 | Lair:2   | Demolished by a death yak

Illustrated notes

Levels and vault maps discovered:
D:1:      dpeg_arrival_tiny_h, layout_loops_ring
D:2:      layout_basic, uniq_natasha, uniq_jessica, uniq_sigmund
D:3:      layout_basic, uniq_grinder
D:4:      layout_cave_pools
D:5:      layout_layer_cave, minmay_crystal_water, item_on_display_a
D:6:      layout_basic, general_overflow_altar, mainiacjoe_overflow_brackets,
          minmay_temple_entry_statues, uniq_eustachio, uniq_blork_the_orc
D:7:      nicolae_cairo_tiling, layout_rooms, evilmike_ruin_ashenzari
D:8:      layout_gridville, mainiacjoe_overflow_catwalk,
          mainiacjoe_overflow_chevrons, grunt_lair_entry_orc_guard_hut,
          nicolae_figureground_sparkle
D:9:      layout_long_grid, minmay_shop_mass
Lair:1:   layout_big_grid, kennysheep_snail_temple
Lair:2:   layout_misc_corridors, minmay_shoals_entry_beasts

Skill      XL: |  1  2  3  4  5  6  7  8  9 10 |
---------------+-------------------------------+-----
Stealth        | 2 3 4 6 10 9 | 10.0
Unarmed Combat | 5 6 8 9 |  9.6
Dodging        | 5 9 10 12 13 | 13.7
Evocations     | 4 5 |  5.0
Fighting       | 5 8 |  8.0

Action                     |  1- 3 |  4- 6 |  7- 9 | 10-12 || total
---------------------------+-------+-------+-------+-------++-------
  Melee: Unarmed           |    64 |    39 |   495 |   107 ||   705
         Bite              |     4 |     2 |    57 |    24 ||    87
         Punch             |     1 |     1 |    36 |     5 ||    43
 Invoke: Berserk           |       |     3 |    13 |     4 ||    20
         Trog's Hand       |       |       |     4 |     1 ||     5
  Evoke: Wand              |       |       |       |     4 ||     4
    Use: Scroll            |     5 |     3 |    13 |     3 ||    24
         Potion            |       |     1 |     6 |     2 ||     9
   Stab: Sleeping          |     4 |     4 |    32 |     2 ||    42
         Distracted        |       |     1 |       |       ||     1
 Armour: Skin              |     2 |     2 |    58 |       ||    62
  Dodge: Dodged            |    35 |    14 |   443 |   113 ||   605
